 Dungeon Crawl Stone Soup version 0.27-a0-1334-g2746e35aca (webtiles) character file.

Game seed: 7279120320856080064

104472 lunkers the Scorcher (level 16, -15/170 HPs)
             Began as an Ogre Fire Elementalist on June 25, 2021.
             Was the Champion of Vehumet.
             Demolished by a sea snake (19 damage)
             ... on level 4 of the Shoals on June 27, 2021.
             The game lasted 01:04:53 (32704 turns).

lunkers the Scorcher (Ogre Fire Elementalist)      Turns: 32704, Time: 01:04:53

Health: -15/170    AC: 10    Str: 16    XL:     16   Next: 38%
Magic:  26/33      EV: 11    Int: 27    God:    Vehumet [******]
Gold:   2923       SH: 16    Dex:  9    Spells: 13/41 levels left

rFire    + + .     SeeInvis .   a - staff of fire
rCold    + . .     Faith    .   y - +0 tower shield {rC+}
rNeg     + . .     Spirit   .   U - +0 troll leather armour
rPois    .         Reflect  .   L - +2 hat
rElec    .         Harm     .   Q - +2 cloak {Will+}
rCorr    .         Rampage  .   (gloves unavailable)
Will     ++...                  (boots unavailable)
Stlth    +.........             w - amulet "Yrudde" {RegenMP rF+}
HPRegen  1.38/turn              V - ring "Counei" {rN+ EV+4 Slay+4}
MPRegen  0.48/turn              r - +6 ring of intelligence

@: very slightly contaminated, studying 2 skills
A: large, unfitting armour, tough skin 1
a: Renounce Religion


You were on level 4 of the Shoals.
You worshipped Vehumet.
Vehumet was exalted by your worship.
You visited 5 branches of the dungeon, and saw 23 of its levels.
You also visited: Sewer, Bailey and Gauntlet.

You collected 4524 gold pieces.
You spent 1601 gold pieces at shops.

Inventory:

Missiles
 u - 37 javelins
 J - 7 throwing nets
 O - 15 curare-tipped darts
 S - 9 atropa-tipped darts
Armour
 t - the +3 kite shield "Wekhleung" {Int+2}
   (You took it off Donald on level 1 of the Shoals)

   It affects your intelligence (+2).
 y - a +0 tower shield of cold resistance (worn)
 I - +1 steam dragon scales
 K - +0 swamp dragon scales
 L - a +2 hat (worn)
 Q - a +2 cloak of willpower (worn)
 R - the +0 hat "Motriwof" {+Inv rF+ rC++ Stlth-}
   (You acquired it on level 8 of the Dungeon)

   It protects you from fire.
   It greatly protects you from cold.
   It lets you turn invisible.
   It makes you less stealthy.
 U - a +0 troll leather armour (worn)
Magical Staves
 a - a staff of fire (weapon)
Jewellery
 c - a +4 ring of evasion
 d - a ring of poison resistance
 k - a ring of fire
 n - a ring of wizardry
 r - a +6 ring of intelligence (right hand)
 w - the amulet "Yrudde" (around neck) {RegenMP rF+}
   (You acquired it in a bailey)

   [amulet of magic regeneration]

   It increases your rate of magic regeneration.
   It protects you from fire.
 T - an amulet of reflection
 V - the ring "Counei" (left hand) {rN+ EV+4 Slay+4}
   (You found it in a Gauntlet)

   [ring of evasion]

   It affects your evasion (+4).
   It affects your accuracy and damage with ranged weapons and melee attacks
   (+4).
   It protects you from negative energy.
 Z - a ring of magical power
Wands
 b - a wand of mindburst (35)
 g - a wand of iceblast (18)
 j - a wand of paralysis (11)
 z - a wand of polymorph (22)
 M - a wand of acid (13)
 N - a wand of charming (6)
 P - a wand of flame (11)
 X - a wand of digging (6)
Scrolls
 h - 2 scrolls of blinking
 m - a scroll of holy word
 p - a scroll of fear
 s - 4 scrolls of enchant armour
 A - 2 scrolls of fog
 G - 2 scrolls of magic mapping
 W - 3 scrolls of enchant weapon
 Y - 5 scrolls of teleportation
Potions
 e - 5 potions of brilliance
 f - 4 potions of haste
 i - 5 potions of cancellation
 l - 5 potions of mutation
 o - 5 potions of heal wounds
 q - 3 potions of resistance
 v - 7 potions of flight
 x - 9 potions of curing
 B - 4 potions of invisibility
 C - 2 potions of lignification
 D - 2 potions of ambrosia
 E - 2 potions of magic
 F - a potion of might
 H - a potion of attraction {unknown}


   Skills:
 + Level 13.3 Fighting
 - Level 1.7 Dodging
 - Level 1.4 Stealth
 + Level 9.6 Shields
 + Level 13.1 Spellcasting
 + Level 14.1 Conjurations
 * Level 15.1 Fire Magic


You had 13 spell levels left.
You knew the following spells:

 Your Spells              Type           Power      Damage    Failure   Level
b - Sticky Flame          Conj/Fire      98%        2d11      1%          4
c - Fireball              Conj/Fire      49%        3d19      1%          5
d - Starburst             Conj/Fire      49%        8x6d13    1%          6
e - Yara's Violent Unrav  Hex/Tmut       8%         3d5       61%         5
f - Ignition              Fire           49%        3d14      38%         8

Your spell library contained the following spells:

 Spells                   Type           Power      Damage    Failure   Level
 Bolt of Magma            Conj/Fire/Erth 40%        4d17      1%          5
 Foxfire                  Conj/Fire      100%       2x1d9     1%          1
 Magic Dart               Conj           100%       1d8       1%          1
 Static Discharge         Conj/Air       54%        N/A       1%          2
 Conjure Flame            Conj/Fire      98%        6-21      1%          3
 Inner Flame              Hex/Fire       73%        N/A       1%          3
 Mephitic Cloud           Conj/Pois/Air  43%        N/A       1%          3
 Stone Arrow              Conj/Erth      100%       3d13      1%          3
 Lightning Bolt           Conj/Air       27%        1d43      5%          5
 Animate Skeleton         Necr           34%        N/A       12%         1
 Apportation              Tloc           34%        N/A       12%         1
 Beastly Appendage        Tmut           34%        N/A       12%         1
 Corona                   Hex            18%        N/A       12%         1
 Summon Small Mammal      Summ           68%        N/A       12%         1
 Blink                    Tloc           N/A        N/A       19%         2
 Call Imp                 Summ           17%        N/A       19%         2
 Corpse Rot               Necr/Air       N/A        N/A       19%         2
 Slow                     Hex            17%        N/A       19%         2
 Wereblood                Tmut           17%        N/A       19%         2
 Gell's Gravitas          Tloc           8%         N/A       36%         3
 Lesser Beckoning         Tloc           8%         N/A       36%         3
 Portal Projectile        Hex/Tloc       34%        N/A       36%         3
 Spider Form              Tmut/Pois      8%         N/A       36%         3
 Teleport Other           Tloc           17%        N/A       36%         3
 Tukima's Dance           Hex            17%        N/A       36%         3
 Cause Fear               Hex            8%         N/A       77%         4
 Ice Form                 Ice/Tmut       17%        N/A       77%         4
 Leda's Liquefaction      Hex/Erth       8%         N/A       77%         4
 Alistair's Intoxication  Tmut/Pois      11%        N/A       98%         5
 Manifold Assault         Tloc           17%        N/A       98%         5
 Summon Forest            Summ/Tloc      8%         N/A       98%         5
 Eringya's Noxious Bog    Tmut/Pois      8%         N/A       98%         6
 Invisibility             Hex            8%         N/A       100%        6
 Summon Hydra             Summ           8%         N/A       100%        7
 Polar Vortex             Ice            8%         N/A       100%        9
 Shatter                  Erth           8%         3d10*     100%        9


Dungeon Overview and Level Annotations

Branches:
Dungeon (10/15)            Temple (1/1) D:4            Lair (6/6) D:9
 Shoals (4/4) Lair:4       Spider (0/4) Lair:4        Slime (0/5) Lair:6
    Orc (2/2) D:10            Elf (0/3) Orc:2         Sewer (visited)
 Bailey (visited)         Gauntlet (visited)

Altars:
Ashenzari
Cheibriados
Dithmenos
Elyvilon
Fedhas
Gozag
Hepliaklqana
Kikubaaqudgha
Makhleb
Nemelex Xobeh
Okawaru
Qazlal
Ru
Sif Muna
Trog
Uskayaw
Vehumet
Wu Jian
Xom
Yredelemnul
Zin
The Shining One
Beogh
Jiyva

Shops:
D:3 *   D:6 !   Orc:1 [   Orc:2 ([:*=

Annotations:
D:8 2 transporters, exclusion: 2 oklob plants, spiderkeys's ghost, journeyman OpAK
Shoals:4 Ilsuiw


Innate Abilities, Weirdness & Mutations

You are too large for most types of armour.
You have tough skin. (AC +1)


Message History

Okay, then.
Casting: Fireball (mildly dangerous; 1% risk of failure)
Confirm with . or Enter, or press ? or * to list all spells.
Casting: Ignition (dangerous; 38% risk of failure)
Press: ? - help, Dir - look around, f - activate You feel a surge of power!
You miscast Ignition.
You are very lightly contaminated with residual magic.
Nothing appears to happen.
You block the merfolk's attack.
The merfolk aquamancer points at you and mumbles some strange words.
The torrent of water hits you!!
* * * LOW HITPOINT WARNING * * *
You are knocked back by the torrent of water.
The wave splashes down.
Splash!
You fall into the shallow water.
Moving in this stuff is going to be slow.
The merfolk javelineer throws a javelin.
The javelin pierces through you!!
* * * LOW HITPOINT WARNING * * *
The javelin barely misses the merfolk.
A harpy comes into view.
You hear a shout! x3; You hear an angry hiss.
You hear a shout!
You block the merfolk's attack.
A merfolk comes into view. It is wielding a +0 trident.
The merfolk aquamancer points at you and mumbles some strange words.
The shard of ice hits you!!! You partially resist.
* * * LOW HITPOINT WARNING * * *
You block the sea snake's attack.
The merfolk javelineer throws a javelin.
The javelin pierces through you!!
* * * LOW HITPOINT WARNING * * *
The javelin pierces through the sea snake!
A harpy comes into view.
There is a stone staircase leading up, spattered with blood here.
You see here a throwing net.
Unknown command.
You block the harpy's attack. The harpy closely misses you.
You block the harpy's attack. x2; The merfolk closely misses you.
The sea snake bites you!!
You die...

.......≈≈≈≈≈≈≈≈
.(......≈≈≈≈≈≈≈≈
.........≈≈≈H≈≈≈
.........≈≈≈≈≈≈≈
........≈≈≈H≈≈≈≈
.........≈)≈≈≈≈≈
....m...H≈≈≈≈≈≈≈
..m....@Sm[m≈...
....m..$≈mm≈[...
........≈≈..≈#≈.
........≈≈####
........##C
)m......≈ ..
........# #.#
........≈ ≈.
....... .#.


You could see Ilsuiw, a merfolk javelineer, a sea snake, a merfolk aquamancer, 5
merfolk, a cyclops and 3 harpies.

Vanquished Creatures
  Polyphemus (Shoals:2)
  Gastronok (Lair:3)
  Donald (Shoals:1)
  Aizul (Shoals:3)
  An orc warlord (Orc:2)
  A minotaur (Gauntlet)
  A merfolk javelineer (Shoals:3)
  4 merfolk impalers
  Snorg (D:10)
  Erolcha (Orc:2)
  Harold (D:6)
  A great orb of eyes (Gauntlet)
  10 hydras
  4 catoblepae
  A deep troll shaman (Lair:6)
  3 merfolk avatars (Shoals:3)
  15 death yaks
  An alligator (Lair:6)
  4 orc high priests (Orc:2)
  A sixfirhy (Gauntlet)
  8 sea snakes
  A wizard (Gauntlet)
  A lindwurm (Lair:6)
  A harpy (Shoals:4)
  2 ugly things (Gauntlet)
  4 orc knights (Orc:2)
  3 orc sorcerers (Orc:2)
  4 oklob plants (Lair:4)
  6 fauns
  7 manticores
  Maurice (Orc:1)
  A cyclops (Shoals:3)
  6 black mambas
  4 water nymphs
  8 merfolk sirens
  17 elephants
  Joseph (D:7)
  Psyche (D:8)
  10 cane toads
  Maggie (Lair:1)
  4 rime drakes
  A kobold demonologist (D:10)
  6 komodo dragons
  A troll (Orc:1)
  14 merfolk
  3 polar bears (Lair:6)
  A hornet (D:9)
  8 wind drakes
  14 blink frogs
  9 dream sheep
  7 snapping turtles
  A shadow (D:9)
  4 water elementals
  37 yaks
  Eustachio (D:5)
  3 basilisks
  3 steam dragons
  3 wyverns
  3 wargs
  11 water moccasins
  A sky beast (D:5)
  8 black bears
  38 orc warriors
  An ice beast (D:7)
  13 wolves
  5 ogres
  13 centaurs
  4 kobold brigands
  14 bullfrogs
  5 scorpions
  An electric eel (Lair:1)
  8 howler monkeys
  2 bullfrog zombies (D:6)
  2 centaur zombies
  A jelly (D:6)
  3 centaur skeletons
  19 orc priests
  2 bullfrog skeletons
  4 hounds
  A gnoll shaman (D:7)
  5 iguanas
  28 orc wizards
  A hound skeleton (D:5)
  A howler monkey zombie (D:8)
  8 adders
  3 gnolls (D:7)
  2 shadow imps
  3 white imps
  2 ufetubi (Gauntlet)
  A worm (D:2)
  An adder skeleton (D:4)
  A dart slug (D:1)
  96 orcs
  8 endoplasms
  A giant cockroach (D:4)
  9 goblins
  8 hobgoblins
  27 jackals
  4 quokkas
  8 ball pythons
  4 bats
  9 frilled lizards
  A goblin skeleton (D:5)
  3 goblin zombies (D:5)
  3 hobgoblin zombies (D:5)
  24 kobolds
  A kobold skeleton (D:5)
  An orc skeleton (D:5)
  An orc zombie (D:5)
  8 rats
  A bush (Lair:4)
  A plant (Lair:4)
694 creatures vanquished.

Vanquished Creatures (collateral kills)
  23 foxfires
23 creatures vanquished.

Vanquished Creatures (others)
  A white imp (Gauntlet)
  23 demonic plants (Gauntlet)
  1782 foxfires
  42 fungi
  121 plants
  12 toadstools (Lair:2)
  14 withered plants (Gauntlet)
1995 creatures vanquished.

Grand Total: 2712 creatures vanquished

Notes
Turn   | Place    | Note
-------+----------+-------------------------------------------
     0 | D:1      | lunkers the Ogre Fire Elementalist began the quest for the
                  | Orb.
     0 | D:1      | Reached XP level 1. HP: 16/16 MP: 3/3
    26 | D:1      | Reached skill level 1 in Conjurations
   302 | D:1      | Reached XP level 2. HP: 24/24 MP: 2/5
   752 | D:1      | Reached skill level 3 in Fire Magic
   752 | D:1      | Reached XP level 3. HP: 31/31 MP: 2/7
  2006 | D:2      | Reached XP level 4. HP: 37/39 MP: 2/8
  3011 | D:3      | Found Begu's Assorted Antiques.
  3219 | D:3      | Reached XP level 5. HP: 45/45 MP: 2/10
  3442 | D:3      | Found a faded altar of an unknown god.
  3520 | D:3      | You fall into a shaft and drop 2 floors!
  3520 | D:5      | Entered Level 5 of the Dungeon
  3703 | D:5      | HP: 1/45 [scorpion (4)]
  3951 | D:5      | Found a glowing golden altar of the Shining One.
  4128 | D:5      | Reached XP level 6. HP: 53/53 MP: 3/12
  4133 | D:5      | Learned a level 4 spell: Sticky Flame
  4249 | D:5      | Found a shimmering altar of Xom.
  4263 | D:5      | Reached skill level 4 in Fire Magic
  4381 | D:5      | Reached XP level 7. HP: 59/59 MP: 2/13
  4602 | D:5      | Noticed a wyvern
  4607 | D:5      | Killed a wyvern
  4689 | D:5      | Found a white marble altar of Elyvilon.
  4691 | D:5      | Noticed Eustachio
  4700 | D:5      | Killed Eustachio
  4701 | D:5      | Reached skill level 5 in Conjurations
  4701 | D:5      | Reached skill level 5 in Fire Magic
  4953 | D:5      | Reached skill level 5 in Spellcasting
  5042 | D:5      | Reached XP level 8. HP: 57/67 MP: 9/15
  5518 | D:4      | Found a staircase to the Ecumenical Temple.
  5529 | Temple   | Entered the Ecumenical Temple
  5661 | Temple   | Became a worshipper of Vehumet
  5839 | D:4      | Learned a level 5 spell: Fireball
  6304 | D:4      | Found a stormy altar of Qazlal.
  6379 | D:4      | Found a blossoming altar of Fedhas.
  6422 | D:4      | Found an ornate altar of the Wu Jian Council.
  6422 | D:4      | Found a hazy altar of Hepliaklqana.
  6674 | D:4      | Reached skill level 6 in Fire Magic
  7082 | D:3      | Reached * piety under Vehumet
  7082 | D:3      | Offered knowledge of Magic Dart by Vehumet.
  7426 | D:6      | Found Enlif's Distillery.
  7495 | D:6      | Found a glowing drain.
  7583 | Sewer    | Entered a sewer
  9141 | D:6      | Found a snail-covered altar of Cheibriados.
  9153 | D:6      | Reached XP level 9. HP: 74/74 MP: 7/18
  9308 | D:6      | Offered knowledge of Freeze by Vehumet.
  9403 | D:6      | Reached ** piety under Vehumet
  9626 | D:7      | Noticed Harold
  9641 | D:6      | Reached skill level 7 in Fire Magic
  9840 | D:6      | Killed Harold
 10566 | D:7      | Reached skill level 8 in Fire Magic
 10567 | D:7      | Reached skill level 1 in Fighting
 10910 | D:7      | Noticed Joseph
 10926 | D:7      | Killed Joseph
 10927 | D:7      | Reached skill level 1 in Shields
 10927 | D:7      | Reached XP level 10. HP: 60/87 MP: 7/21
 11283 | D:8      | Noticed an oklob plant
 11785 | D:8      | Found a transporter.
 11785 | D:8      | Noticed spiderkeys's ghost (journeyman OpAK)
 11885 | D:8      | Noticed Psyche
 11899 | D:8      | Killed Psyche
 12106 | D:8      | Identified 5 scrolls of acquirement
 12106 | D:8      | Acquired 1065 gold pieces
 12108 | D:8      | Acquired a +2 cloak of willpower
 12120 | D:8      | Acquired the +0 hat "Motriwof" {+Inv rF+ rC++ Stlth-}
 12127 | D:8      | Acquired a staff of fire
 12130 | D:8      | Acquired 979 gold pieces
 12211 | D:8      | Found a transporter.
 13070 | D:3      | Bought a puce potion for 18 gold pieces
 13070 | D:3      | Bought a small emerald amulet for 100 gold pieces
 13070 | D:3      | Bought a golden potion for 18 gold pieces
 13070 | D:3      | Bought a scroll labelled PIR MIATU RACI for 20 gold pieces
 13070 | D:3      | Bought a scroll labelled WUOCIQ AXEA for 20 gold pieces
 13321 | D:9      | Found an iron altar of Okawaru.
 13630 | D:8      | Noticed an oklob plant
 13903 | D:9      | Offered knowledge of Static Discharge by Vehumet.
 13931 | D:9      | Upgraded the game from 0.27-a0-1332-g84bddb5ca7 to
                  | 0.27-a0-1334-g2746e35aca
 14152 | D:9      | Found a broken altar of Ashenzari.
 14269 | D:9      | Found a sacrificial altar of Ru.
 14682 | D:9      | Found a staircase to the Lair.
 14719 | D:9      | Reached skill level 9 in Fire Magic
 15132 | D:6      | Bought 2 potions of cancellation for 208 gold pieces
 15132 | D:6      | Bought a potion of brilliance for 52 gold pieces
 15132 | D:6      | Bought a potion of heal wounds for 65 gold pieces
 15132 | D:6      | Bought a potion of mutation for 104 gold pieces
 15132 | D:6      | Bought a potion of flight for 39 gold pieces
 15266 | Lair:1   | Entered Level 1 of the Lair of Beasts
 15266 | Lair:1   | Noticed a five-headed hydra
 15354 | D:10     | Entered Level 10 of the Dungeon
 15363 | D:10     | Reached *** piety under Vehumet
 15646 | D:10     | Found a burning altar of Makhleb.
 15648 | D:10     | Noticed a blizzard demon
 15651 | D:10     | Found a glowing silver altar of Zin.
 15651 | D:10     | Noticed an angel
 15702 | D:10     | Noticed Snorg
 15708 | D:10     | Reached XP level 11. HP: 100/100 MP: 18/23
 15813 | D:10     | Killed Snorg
 15848 | D:10     | Found a flagged portal.
 15856 | Bailey   | Entered a bailey
 15870 | Bailey   | Offered knowledge of Ignite Poison by Vehumet.
 16379 | Bailey   | Reached skill level 5 in Fighting
 16562 | Bailey   | Reached skill level 5 in Shields
 17263 | D:10     | Reached **** piety under Vehumet
 17336 | D:10     | Offered knowledge of Fulminant Prism by Vehumet.
 17738 | D:10     | Found a staircase to the Orcish Mines.
 17841 | D:10     | Acquired the amulet "Yrudde" {RegenMP rF+}
 18334 | Orc:1    | Entered Level 1 of the Orcish Mines
 18373 | Orc:1    | Noticed Maurice
 18387 | Orc:1    | Killed Maurice
 18561 | Orc:1    | Found Xeulenut's Antique Armour Emporium.
 18819 | Orc:2    | Entered Level 2 of the Orcish Mines
 19181 | Orc:2    | Reached skill level 10 in Conjurations
 19181 | Orc:2    | Reached skill level 10 in Fire Magic
 19259 | Orc:2    | Noticed an orc knight
 19275 | Orc:2    | Killed an orc knight
 19300 | Orc:2    | Reached ***** piety under Vehumet
 19347 | Orc:2    | Noticed an orc high priest
 19349 | Orc:2    | Killed an orc high priest
 19349 | Orc:2    | Noticed an orc knight
 19350 | Orc:2    | Reached XP level 12. HP: 114/114 MP: 16/24
 19363 | Orc:2    | Offered knowledge of Starburst by Vehumet.
 19511 | Orc:2    | Noticed an orc warlord
 19547 | Orc:2    | Killed an orc warlord
 19604 | Orc:2    | Noticed Erolcha
 19607 | Orc:2    | Killed Erolcha
 19631 | Orc:2    | Learned a level 6 spell: Starburst
 19656 | Orc:2    | Noticed an orc high priest
 19660 | Orc:2    | Killed an orc high priest
 20188 | Orc:2    | Found a staircase to the Elven Halls.
 20326 | Orc:2    | Noticed an orc high priest
 20333 | Orc:2    | Killed an orc high priest
 20444 | Orc:2    | Found Xyvoryco's Antique Armour Shop.
 20445 | Orc:2    | Found Finloud's Antique Weapon Boutique.
 20447 | Orc:2    | Found Dyfiepr Tuck's General Store.
 20447 | Orc:2    | Found Anoo's Jewellery Shop.
 20452 | Orc:2    | Bought a scroll of fog for 20 gold pieces
 20470 | Orc:2    | Noticed an orc high priest
 20482 | Orc:2    | Reached skill level 11 in Fire Magic
 20482 | Orc:2    | Killed an orc high priest
 20722 | Orc:2    | Found Ytaitecu's Book Shoppe.
 21188 | Orc:2    | Bought 2 scrolls of identify for 40 gold pieces
 21190 | Orc:2    | Bought a scroll of identify for 20 gold pieces
 21192 | Orc:2    | Bought a +6 ring of intelligence for 877 gold pieces
 21390 | D:9      | Killed a five-headed hydra
 21391 | D:9      | Reached XP level 13. HP: 93/127 MP: 12/26
 21708 | Lair:1   | Noticed Maggie
 21712 | Lair:1   | Killed Maggie
 22448 | Lair:2   | You fall into a shaft and drop 1 floor!
 22874 | Lair:3   | Reached skill level 10 in Spellcasting
 23299 | Lair:3   | Noticed Gastronok
 23304 | Lair:3   | Killed Gastronok
 23466 | Lair:3   | Offered knowledge of Airstrike by Vehumet.
 23981 | Lair:2   | You fall into a shaft and drop 2 floors!
 23997 | Lair:4   | Found a gate leading to a gauntlet.
 24020 | Gauntlet | Entered a Gauntlet
 24020 | Gauntlet | Found a transporter.
 24029 | Gauntlet | Found a transporter.
 24044 | Gauntlet | Found a transporter.
 24049 | Gauntlet | Found a transporter.
 24064 | Gauntlet | Found a transporter.
 24083 | Gauntlet | Found a transporter.
 24091 | Gauntlet | Noticed a great orb of eyes
 24095 | Gauntlet | Found a transporter.
 24107 | Gauntlet | Found a transporter.
 24119 | Gauntlet | Found a transporter.
 24131 | Gauntlet | Found a transporter.
 24152 | Gauntlet | Found a transporter.
 24165 | Gauntlet | Found a transporter.
 24167 | Gauntlet | Found a transporter.
 24169 | Gauntlet | Found a runed translucent gate.
 24169 | Gauntlet | Found a runed translucent gate.
 24169 | Gauntlet | Found a runed translucent gate.
 24174 | Gauntlet | Found a large runed translucent door.
 24174 | Gauntlet | Found a large runed translucent door.
 24174 | Gauntlet | Found a large runed translucent door.
 24174 | Gauntlet | Found a large runed translucent door.
 24176 | Gauntlet | Found a large runed translucent door.
 24176 | Gauntlet | Found a large runed translucent door.
 24177 | Gauntlet | Found a large runed translucent door.
 24177 | Gauntlet | Found a large runed translucent door.
 24180 | Gauntlet | Found a large runed translucent door.
 24180 | Gauntlet | Found a large runed translucent door.
 24180 | Gauntlet | Found a runed translucent door.
 24180 | Gauntlet | Found a runed translucent door.
 24181 | Gauntlet | Found a large runed translucent door.
 24182 | Gauntlet | Found a large runed translucent door.
 24191 | Gauntlet | Found a large runed translucent door.
 24191 | Gauntlet | Found a large runed translucent door.
 24192 | Gauntlet | Found a large runed translucent door.
 24193 | Gauntlet | Found a large runed translucent door.
 24193 | Gauntlet | Found a transporter.
 24195 | Gauntlet | Found a transporter.
 24197 | Gauntlet | Found a transporter.
 24226 | Gauntlet | Found a transporter.
 24228 | Gauntlet | Found a transporter.
 24450 | Gauntlet | Reached skill level 12 in Fire Magic
 24539 | Gauntlet | Killed a great orb of eyes
 24549 | Gauntlet | Identified the ring "Counei" {rN+ EV+4 Slay+4}
 24585 | Gauntlet | Identified the +7 mace "Wusurum" {freeze, Int+2}
 24585 | Gauntlet | Noticed a minotaur
 24592 | Gauntlet | Killed a minotaur
 24602 | Gauntlet | Identified the +1 chain mail "Neuss" {Int+6}
 24602 | Gauntlet | Identified the +1 plate armour of Catatonia {Will+}
 24939 | Lair:4   | Found a hole to the Spider Nest.
 24974 | Lair:4   | Found a staircase to the Shoals.
 24981 | Lair:4   | Reached XP level 14. HP: 114/141 MP: 11/28
 25168 | Lair:4   | Reached skill level 10 in Fighting
 27219 | Lair:5   | Offered knowledge of Yara's Violent Unravelling by Vehumet.
 27226 | Lair:5   | Learned a level 5 spell: Yara's Violent Unravelling
 27492 | Lair:5   | Learned a level 8 spell: Ignition
 27630 | Lair:5   | Reached skill level 13 in Fire Magic
 28082 | Lair:6   | Entered Level 6 of the Lair of Beasts
 28276 | Lair:6   | Reached XP level 15. HP: 132/154 MP: 13/30
 28675 | Lair:6   | Found a viscous altar of Jiyva.
 28675 | Lair:6   | Found a staircase to the Slime Pits.
 28921 | Lair:6   | Found a burning altar of Makhleb.
 29431 | Lair:6   | Reached ****** piety under Vehumet
 29438 | Lair:6   | Reached skill level 14 in Fire Magic
 29704 | Shoals:1 | Entered Level 1 of the Shoals
 30028 | Shoals:1 | Identified the +3 kite shield "Wekhleung" {Int+2}
 30028 | Shoals:1 | Noticed Donald
 30037 | Shoals:1 | Killed Donald
 31005 | Shoals:2 | Noticed Polyphemus
 31038 | Shoals:2 | Killed Polyphemus
 31038 | Shoals:2 | Offered knowledge of Bolt of Magma by Vehumet.
 31178 | Shoals:2 | Reached XP level 16. HP: 91/167 MP: 26/32
 31543 | Shoals:2 | Acquired a +0 tower shield of cold resistance
 31646 | Shoals:3 | Noticed Aizul
 31653 | Shoals:3 | Killed Aizul
 32071 | Shoals:3 | Reached skill level 15 in Fire Magic
 32254 | Shoals:3 | Found a broken altar of Ashenzari.
 32631 | Shoals:4 | Entered Level 4 of the Shoals
 32641 | Shoals:4 | Noticed Ilsuiw
 32703 | Shoals:4 | HP: 3/170 [merfolk javelineer/javelin (32)]
 32704 | Shoals:4 | Demolished by a sea snake

Illustrated notes

Levels and vault maps discovered:
D:1:      dpeg_arrival_windows_large_door, layout_rooms, minivault_14,
          hangedman_decor_lopped
D:2:      layout_basic, serial_forest, infiniplex_forest_clump_long,
          infiniplex_forest_straight_3, infiniplex_forest_clump_diagonal,
          infiniplex_forest_lined_4_way, infiniplex_forest_lined_room_3,
          infiniplex_forest_lined_2, infiniplex_forest_diagonal,
          infiniplex_forest_straight_2, infiniplex_forest_diagonal
D:3:      layout_rooms, serial_shops, nicolae_shop_overgrown_old_shop,
          hellmonk_ecumenical_altar_dog_temple
D:4:      layout_cave_pools, grunt_temple_overflow_forces_of_nature,
          gammafunk_temple_overflow_elements, minmay_temple_entry_antechambers,
          serial_forest, infiniplex_forest_clump_large,
          infiniplex_forest_diagonal, infiniplex_forest_clump_curved,
          infiniplex_forest_clump_small, infiniplex_forest_lined_1,
          infiniplex_forest_clump_diagonal, infiniplex_forest_end_2,
          kennysheep_opposing_triangles
D:5:      layout_loops_cross, elyvilon_altar_3, nicolae_tso_besieged_by_evil,
          lemuel_crystal_altar, uniq_eustachio
D:6:      layout_basic, old_standard_altar, serial_shops,
          nicolae_shop_waterfront, gup_sewer_entry_glass
D:7:      layout_basic, uniq_joseph, uniq_harold
D:8:      layout_cave_pods, gammafunk_ghost_mausoleum, disabler_island,
          uniq_psyche
D:9:      minmay_recursive_quarters, layout_basic, amcnicky_altar_gilded,
          okawaru_ov_weapons_minmay, kennysheep_mini_moat
D:10:     layout_basic, grunt_temple_overflow_order_and_chaos_2, david_orc_5,
          enter_bailey_3, uniq_snorg
Temple:   compressed_dpeg_triangle_lava_temple
Lair:1:   layout_gridlike, st_stairs_5, minmay_stone_trees_large, uniq_maggie
Lair:2:   layout_misc_corridors, tgw_fedhas, infiniplex_staircase_pool
Lair:3:   layout_roguey, beast_lair_carwin_8, uniq_gastronok
Lair:4:   layout_roguey, elwin_shoals_entry_stream, dummy_spider_entry,
          gauntlet_entry_generic, minmay_lair_oklob_chamber,
          serial_bayou_shore_a
Lair:5:   layout_long_grid
Lair:6:   grunt_lair_end_beastmaster, layout_cave_pods, slime_altar_1,
          basic_altar, small_statue_intersection, infiniplex_staircase_pool_2
Shoals:1: layout_shoals, nicolae_shoals_drake_roost, uniq_donald
Shoals:2: layout_shoals, uniq_polyphemus
Shoals:3: layout_shoals, lemuel_altar_in_water, uniq_aizul
Shoals:4: shoals_end_grunt_ice, layout_shoals, shoals_ilsuiw_ice, serial_shops,
          nicolae_shop_stone, gammafunk_ghost_cemetery
Orc:1:    layout_caves, serial_shops, nicolae_shop_statue_plus, uniq_maurice
Orc:2:    st_orc_congregation, layout_diamond_mine, serial_shops,
          nicolae_shop_behind_doors, uniq_erolcha

Skill      XL: |  1  2  3  4  5  6  7  8  9 10 11 12 13 14 15 16 |
---------------+-------------------------------------------------+-----
Conjurations   | 1 2 3 4 5 6 8 9 10 11 12 13 14 | 14.1
Fire Magic     | 3 4 5 6 8 9 10 11 12 13 14 15 | 15.1
Spellcasting   | 3 4 5 6 7 8 9 10 11 12 13 | 13.1
Fighting       | 2 4 6 7 9 11 12 13 | 13.3
Shields        | 1 4 7 9 |  9.6
Dodging        | |  1.7
Stealth        | |  1.4

Action                   |  1- 3 |  4- 6 |  7- 9 | 10-12 | 13-15 | 16-18 || total
-------------------------+-------+-------+-------+-------+-------+-------++-------
Melee: Unarmed           |     3 |     5 |       |       |       |       ||     8
       Dagger            |       |    21 |    55 |       |       |       ||    76
       Short sword       |       |       |    35 |       |       |       ||    35
       Staff             |       |       |       |   176 |   217 |    10 ||   403
 Cast: Foxfire           |    99 |   137 |   289 |   507 |       |       ||  1032
       Sticky Flame      |       |       |    34 |    62 |    93 |     7 ||   196
       Fireball          |       |       |     1 |    37 |    45 |    63 ||   146
       Starburst         |       |       |       |    29 |   144 |     3 ||   176
       Ignition          |       |       |       |       |    13 |       ||    13
Evoke: Wand              |       |       |     6 |       |       |       ||     6
  Use: Potion            |       |     2 |       |       |       |       ||     2
       Scroll            |       |       |       |    25 |     5 |     1 ||    31
Armor: Robe              |    16 |    14 |    24 |       |       |       ||    54
       Steam dragon scal |       |       |    16 |    87 |    21 |       ||   124
       Swamp dragon scal |       |       |       |       |    59 |       ||    59
       Troll leather arm |       |       |       |       |    25 |     4 ||    29
Dodge: Dodged            |    13 |    17 |   155 |   132 |   167 |    12 ||   496
Block: Kite shield       |       |       |     2 |   189 |   185 |     9 ||   385
       Reflection        |       |       |       |     2 |       |       ||     2
       Tower shield      |       |       |       |       |       |    21 ||    21

Table legend: (Time is in decaauts)
 A = Elapsed time spent in this place.
 B = Non-inter-level travel time spent in this place.
 C = Inter-level travel time spent in this place.
 D = Time resting spent in this place.
 E = Time spent auto-exploring this place.
 F = Levels seen in this place.
 G = Mean time per level.
                   A        B        C        D        E       F      G
               +--------+--------+--------+--------+--------+-----+--------+
         Total |  33208 |  31537 |   1671 |   2796 |  22816 |  26 | 1277.2 |
       Dungeon |  16261 |  15205 |   1056 |   1454 |  11516 |  10 | 1626.1 |
        Temple |    139 |    118 |     21 |      0 |    117 |   1 |  139.0 |
          Lair |   7552 |   7332 |    220 |    535 |   5700 |   6 | 1258.7 |
        Shoals |   3106 |   2999 |    107 |    449 |   1847 |   4 |  776.5 |
  Orcish Mines |   2992 |   2726 |    266 |    184 |   1829 |   2 | 1496.0 |
         Sewer |    985 |    985 |      0 |      0 |    809 |   1 |  985.0 |
        Bailey |   1254 |   1254 |      0 |     99 |    696 |   1 | 1254.0 |
      Gauntlet |    916 |    916 |      0 |     75 |    300 |   1 |  916.0 |
               +--------+--------+--------+--------+--------+-----+--------+

Top non-repeatable levels by time:
   Orc:2: 2192 daAuts
     D:6: 2162 daAuts
  Lair:4: 2047 daAuts
     D:9: 1945 daAuts
     D:8: 1935 daAuts
     D:5: 1789 daAuts
     D:4: 1763 daAuts
    D:10: 1757 daAuts
  Lair:6: 1521 daAuts
  Lair:3: 1448 daAuts
  Lair:5: 1377 daAuts
     D:1: 1328 daAuts
     D:2: 1274 daAuts
  Bailey: 1254 daAuts
     D:3: 1192 daAuts
